AoeStats
← LaisTakara

Northern Isles

510500009Analyzed
1v1 RM · 1d ago on Oct 1, 2026· 27m 29s· 2 players
Game mode
Random Map
Map size
Tiny (2 player)
Population
200
Speed
Normal
Resources
Standard
Victory
Conquest
Starting age
Dark Age
Ending age
Imperial Age
RankedLock teamsTeams togetherTeam positionsShared explorationLock speedFull tech treeHidden civsTurbo modeCheats
Victory
Defeat
🇵🇹 Huns · Portugal
459
+18
🇸🇪 Chinese · Sweden
511
-18
LaisTakara
14:22 Feudal Age
12:38 Loom
20:27 Castle Age
18:22 Fishing Lines
21:57 Wheelbarrow
21:08 Town Watch
24:05 Forging
23:46 Fletching
23:57 Padded Archer Armor
23:57 Scale Mail Armor
24:03 Scale Barding Armor
28:09 Hand Cart
Flubby Børry
0:27 Loom
12:41 Feudal Age
13:40 Double-Bit Axe
16:21 Fishing Lines
16:41 Gold Mining
20:37 Castle Age
22:15 Medium Warships
23:55 Bow Saw
24:24 Gold Shaft Mining
23:40 Stone Mining
26:17 Murder Holes
27:22 Scale Barding Armor
Connection lost

Rejoining the realm…

Still unreachable

The connection could not be restored.

Session expired

The server has moved on; the page needs a fresh start.